 Dungeon Crawl Stone Soup version 0.30-a0-159-g068b764562 (webtiles) character file.

Game seed: 12153451190676255323

212 Flugkiller the Conjurer (level 5, -5/50 (55) HPs)
             Began as an Ogre Reaver on Sept 27, 2022.
             Succumbed to a scorpion's poison
             ... on level 5 of the Dungeon.
             The game lasted 00:04:25 (4869 turns).

Flugkiller the Conjurer (Ogre Reaver)               Turns: 4869, Time: 00:04:27

HP:   -5/50 (55)    AC:  3    Str: 16    XL:     5   Next: 90%
MP:   9/10          EV:  9    Int: 16    God:
Gold: 193           SH:  0    Dex:  7    Spells: 5/11 levels left

rFire   . . .      SeeInvis .    f - +0 flail
rCold   . . .      Faith    .    (no shield)
rNeg    . . .      Spirit   .    b - +0 robe
rPois   .          Reflect  .    (helmet restricted)
rElec   .          Harm     .    (no cloak)
rCorr   .          Rampage  .    (gloves unavailable)
Will    .....                    (boots unavailable)
Stlth   +.........               c - amulet of the acrobat
HPRegen 0.16/turn                (no ring)
MPRegen 0.12/turn                (no ring)

@: mighty, lethally poisoned (-5 -> -41), flying, drained
A: large, unfitting armour, tough skin 1
a: no special abilities


You were on level 5 of the Dungeon.
You visited 1 branch of the dungeon, and saw 5 of its levels.

You collected 193 gold pieces.

Inventory:

Hand Weapons
 a - a +0 mace
 f - a +0 flail (weapon)
   (You took it off a gnoll on level 1 of the Dungeon)
 i - a +0 dire flail
   (You found it on level 1 of the Dungeon)
Armour
 b - a +0 robe (worn)
Jewellery
 c - an amulet of the acrobat (around neck)
   (You found it on level 1 of the Dungeon)
Wands
 l - a wand of mindburst (6)
   (You took it off a hobgoblin on level 4 of the Dungeon)
 v - a wand of flame (11)
   (You found it on level 4 of the Dungeon)
Scrolls
 e - a scroll of magic mapping {unknown}
 h - 3 scrolls of immolation
 n - a scroll of fear {unknown}
 p - a scroll of poison
 q - a scroll of amnesia {unknown}
 r - a scroll of noise {unknown}
 s - a scroll of torment {unknown}
 t - a scroll of teleportation
 w - a scroll of vulnerability {unknown}
Potions
 d - a potion of might
 g - a potion of brilliance {unknown}
 j - 3 potions of berserk rage
 k - 2 potions of flight
 m - a potion of cancellation {unknown}
 o - a potion of curing {unknown}
 u - a potion of magic {unknown}


   Skills:
 + Level 4.5 Fighting
 - Level 2.6 Maces & Flails
 - Level 1.7 Dodging
 + Level 3.8 Spellcasting
 * Level 4.5 Conjurations


You had 5 spell levels left.
You knew the following spells:

 Your Spells              Type           Power      Damage    Failure   Level
a - Kiss of Death         Conj/Necr      40%        2d8       7%          1
b - Volcanic Tap          Conj/Fire/Erth 14%        3d8       14%         2
c - Hailstorm             Conj/Ice       10%        3d5       21%         3

Your spell library contained the following spells:

 Spells                   Type           Power      Damage    Failure   Level
 Sting                    Tmut/Pois      12%        1d3       17%         1
 Poisonous Vapours        Pois/Air       6%         N/A       26%         2
 Olgreb's Toxic Radiance  Pois           3%         N/A       86%         4
 Conjure Ball Lightning   Conj/Air       5%         3x3d6     100%        6
 Discord                  Hex            1%         N/A       100%        8
 Disjunction              Tloc           1%         N/A       100%        8


Dungeon Overview and Level Annotations

Branches:
Dungeon (5/15) Zot: 25053
 Temple: D:4-7

Altars:
Trog

Shops:
D:4 *


Innate Abilities, Weirdness & Mutations

You are too large for most types of armour.
You have tough skin. (AC +1)


Message History

The quokka misses you.
You closely miss the quokka.
The quokka is moderately wounded.
The quokka barely misses you. The quokka bites you.
You sock the quokka!
You kill the quokka!
No target in view!
Found a scroll of immolation.
You pick up a Young Poisoner's Handbook and begin reading...
You add the spells Sting, Poisonous Vapours and Olgreb's Toxic Radiance to your library.
h - 3 scrolls of immolation (gained 1)
Okay, then.
Okay, then.
This spell is dangerous to cast!
Memorise Hailstorm, consuming 3 spell levels and leaving 5?
You start memorising the spell.
You continue memorising. x3
You finish memorising.
Spell assigned to 'c'.
Unknown command.
You see here 4 stones.
There is a stone staircase leading down here.
You see here a +0 halberd.
Things that are here:
8 poisoned darts; a +0 short sword Key pressed, stopping explore.
A ball python comes into view.
A ball python is nearby!
You hit the ball python.
You kill the ball python!
No target in view!
No target in view!
No target in view!
No target in view!
No target in view!
You see here a quokka corpse.
Done exploring.
Done exploring.
Done exploring.
No target in view!
(D) Dungeon
Where to? (Enter - D:3 @ (x,y), ? - help)
You see here a quokka corpse.
There is a stone staircase leading down here.
You climb downwards.
You hear the hiss of flowing sand.
There is an entrance to an ossuary on this level.
Hurry and find it before the portal is buried!
There is a stone staircase leading up here.
Okay, then.
A scorpion comes into view.
A scorpion is nearby!
Casting: Volcanic Tap (safe; 14% risk of failure)
Confirm with . or Enter, or press ? or * to list all spells.
Aiming: Volcanic Tap (safe; 14% risk of failure)
Press: ? - help, Dir - move target, f - scorpion
Aim: a scorpion (68% to hit)
The spray of magma hits the scorpion.
You are fixed to the earth.
The scorpion barely misses you.
You hit the scorpion.
The scorpion is heavily wounded.
The scorpion stings you.
You are poisoned.
The scorpion poisons you!
You hit the scorpion but do no damage.
The scorpion is heavily wounded.
You feel very sick. The scorpion stings you. x2
You hit the scorpion but do no damage.
The scorpion is heavily wounded.
You feel sick. The scorpion barely misses you.
You hit the scorpion but do no damage.
The scorpion is heavily wounded.
You feel sick. The scorpion stings you.
You are more poisoned.
The scorpion poisons you! The scorpion barely misses you.
You closely miss the scorpion.
The scorpion is heavily wounded.
You are no longer bound to the earth.
You feel very sick. The scorpion barely misses you.
You sock the scorpion!
The scorpion is almost dead.
You feel very sick. The scorpion stings you.
You are more poisoned.
The scorpion poisons you! The scorpion stings you.
* * * LOW HITPOINT WARNING * * *
You are more poisoned.
The scorpion poisons you!
It was a potion of flight.
You feel very buoyant.
You fly up into the air.
* * * LOW HITPOINT WARNING * * *
You feel extremely sick. The scorpion stings you.
* * * LOW HITPOINT WARNING * * *
You are more poisoned.
The scorpion poisons you!
It was a potion of might.
You feel very mighty all of a sudden.
d - a potion of might;
o - a smoky pink potion You die...

#. #. #.
#.############
#.............
#......s.###..
##.#####.# #s#
.# #@# . #.#
.# #.# # ###.#
##...##
##.....##
#.<.....#
#.......#
#.......#


You could see a scorpion.

Vanquished Creatures
  A hound (D:4)
  A jelly (D:4)
  An orc priest (D:4)
  2 gnolls
  3 adders
  A white imp (D:3)
  A worm (D:3)
  2 dart slugs
  6 orcs
  9 endoplasms
  2 giant cockroaches (D:3)
  9 hobgoblins
  2 jackals (D:1)
  3 quokkas
  7 ball pythons
  3 bats
  A frilled lizard (D:3)
  A goblin (D:3)
  8 kobolds
  6 rats
69 creatures vanquished.

Vanquished Creatures (others)
  A hound (D:4)
  3 gnolls (D:4)
  An adder (D:4)
  25 plants
30 creatures vanquished.

Grand Total: 99 creatures vanquished

Notes
Turn   | Place    | Note
-------+----------+-------------------------------------------
     0 | D:1      | Flugkiller the Ogre Reaver began the quest for the Orb.
     0 | D:1      | Reached XP level 1. HP: 22/22 MP: 3/3
   164 | D:1      | Reached XP level 2. HP: 19/29 MP: 5/5
   493 | D:1      | Reached XP level 3. HP: 32/35 MP: 7/7
   980 | D:1      | Learned a level 2 spell: Volcanic Tap
  1439 | D:2      | Reached XP level 4. HP: 18/45 MP: 8/8
  2979 | D:3      | Found a faded altar of an unknown god.
  3092 | D:4      | Reached XP level 5. HP: 42/54 MP: 8/10
  3318 | D:4      | Found Xont's Magic Scroll Shop.
  3572 | D:4      | Found Gikkaq's Lightly-Used Armoury.
  4632 | D:4      | Found a bloodstained altar of Trog.
  4689 | D:4      | Learned a level 3 spell: Hailstorm
  4839 | D:5      | Entered Level 5 of the Dungeon
  4869 | D:5      | Succumbed to a scorpion's poison

Illustrated notes

Levels and vault maps discovered:
D:1:      roderic_crop_circles_arrival_small, layout_basic,
          minmay_misc_feat_roman, st_stairs_1
D:2:      layout_basic
D:3:      layout_basic, shapermc_ecumenical_altar_flowoftime, st_stairs_5,
          minmay_box_of_dots
D:4:      layout_rooms, lemuel_doored_altar, serial_shops, shop,
          minmay_shop_damaged, serial_bayou_pond_c, dreamdust_gnoll_farm
D:5:      layout_loops_ring, grunt_temple_overflow_open, amcnicky_altar_gilded,
          nicolae_ossuary_entry_monument, minmay_stone_trees_small

Skill      XL: |  1  2  3  4 |
---------------+-------------+-----
Fighting       | 3 4 |  4.5
Conjurations   | 3 4 |  4.5
Spellcasting   | 3 |  3.8
Maces & Flails | |  2.6
Dodging        | |  1.7

Action                   |  1- 3 |  4- 6 || total
-------------------------+-------+-------++-------
Melee: Mace              |    27 |       ||    27
       Flail             |    38 |   178 ||   216
       Dire flail        |    38 |       ||    38
       Punch             |       |     1 ||     1
 Cast: Kiss of Death     |     1 |     1 ||     2
       Volcanic Tap      |       |     9 ||     9
  Use: Scroll            |       |     5 ||     5
       Potion            |       |     2 ||     2
Armor: Robe              |    29 |    49 ||    78
Dodge: Dodged            |    44 |   136 ||   180

Table legend: (Time is in decaauts)
 A = Elapsed time spent in this place.
 B = Non-inter-level travel time spent in this place.
 C = Inter-level travel time spent in this place.
 D = Time resting spent in this place.
 E = Time spent auto-exploring this place.
 F = Levels seen in this place.
 G = Mean time per level.
                   A        B        C        D        E       F      G
               +--------+--------+--------+--------+--------+-----+--------+
         Total |   4946 |   4879 |     67 |   2377 |   1629 |   5 |  989.2 |
       Dungeon |   4946 |   4879 |     67 |   2377 |   1629 |   5 |  989.2 |
               +--------+--------+--------+--------+--------+-----+--------+

Top non-repeatable levels by time:
     D:4: 1411 daAuts
     D:2: 1224 daAuts
     D:1: 1163 daAuts
     D:3: 1116 daAuts
     D:5: 31 daAuts
